cohdb
Replays
Latest Replays
All Replays
Popular Replays
Top Player Replays
Match Explorer
How It Works
Community
CoH3 Stats
Reddit
Sign in to upload your games and track your stats! →
Sign in with Steam
Match 42779398
Unlisted
Match 42779398
Overview
Messages
Build Orders
End
Construct Barracks
Selects Heavy Weapons
1⁄4-ton 4x4 Truck
Riflemen Squad
Construct Weapon Support Center
Riflemen Squad
M1919 Machine Gun Team
Selects Assault Carriers
Mechanized Support Center
Grenade Package
M3 Assault Carrier
Selects Halftrack Strongpoints
Riflemen Squad
M1 Mortar Team
M3 Assault Carrier
Selects M2HB .50cal Heavy Machine Gun
Engineer Squad
M1918 Browning Automatic Rifles
Mortar Pit
M3 Assault Carrier
Riflemen Squad
Selects Towed M5 3-inch Anti-tank Gun
Towed M5 3-inch Anti-tank Gun
M3 Assault Carrier
Construct Tank Depot
Etgo
Hk
Jarkke
Setti-Veke
tiger box
Arch3r
Mr.SunFish
VAMP
0
0
Comments
sign in to comment!
No comments posted yet!